 Dungeon Crawl Stone Soup version 0.21-a0-38-g95c5c02 (webtiles) character file.

28 TheGoonsmith the Sneak (level 3, 0/16 HPs)
             Began as a Vine Stalker Enchanter on May 28, 2017.
             Slain by a bat (1 damage)
             ... on level 2 of the Dungeon.
             The game lasted 00:01:46 (934 turns).

TheGoonsmith the Sneak (Vine Stalker Enchanter)      Turns: 934, Time: 00:01:46

Health: 0/16       AC:  2    Str: 10    XL:     3   Next: 12%
Magic:  0/7        EV: 12    Int: 15    God:
Gold:   83         SH:  0    Dex: 15    Spells: 0/6 levels left

rFire    . . .     SeeInvis .   a - +1 dagger
rCold    . . .     Gourm    .   (no shield)
rNeg     . . .     Faith    .   b - +0 robe
rPois    .         Spirit   +   (no helmet)
rElec    .         Reflect  .   (no cloak)
rCorr    .         Harm     .   (no gloves)
MR       .....                  (no boots)
Stlth    ++........             (no amulet)
Regen    0.1/turn               (no ring)
MPRegen  0.1/turn               (no ring)

@: no status effects
A: fangs 2, magic shield, antimagic bite, no potion heal 3, rot immunity
a: no special abilities


You were on level 2 of the Dungeon.
You were not hungry.

You visited 1 branch of the dungeon, and saw 2 of its levels.

You collected 83 gold pieces.

Inventory:

Hand Weapons
 a - a +1 dagger (weapon)
Armour
 b - a +0 robe (worn)
Scrolls
 e - 5 scrolls of identify {unknown}
 f - 2 scrolls of teleportation {unknown}
 h - 3 scrolls of random uselessness {unknown}
 j - 3 scrolls of remove curse {unknown}
 k - a scroll of noise {unknown}
 l - 3 scrolls of amnesia {unknown}
Potions
 g - a potion of mutation {unknown}
 i - a potion of heal wounds {unknown}
 m - a potion of lignification {unknown}
 n - a potion of haste {unknown}
Books
 c - a book of Maledictions

   Spells                             Type                      Level
   a - Corona                         Hexes                        1
   b - Ensorcelled Hibernation        Hexes/Ice                    2
   c - Confuse                        Hexes                        3
   d - Tukima's Dance                 Hexes                        3
   e - Dazzling Spray                 Conjuration/Hexes            3
Comestibles
 d - 4 bread rations


   Skills:
 + Level 2.5 Short Blades
 + Level 1.7 Dodging
 - Level 3.6 Stealth
 - Level 2.1 Spellcasting
 - Level 3.0 Hexes


You couldn't memorise any spells.
You knew the following spells:

 Your Spells              Type           Power        Failure   Level  Hunger
a - Corona                Hex            ##.....      6%          1    #......
b - Ensorcelled Hibernat  Hex/Ice        #.....       19%         2    ###....
c - Confuse               Hex            ##......     19%         3    ###....


Dungeon Overview and Level Annotations

Branches:
Dungeon (2/15)

Altars:


Innate Abilities, Weirdness & Mutations

You have extremely sharp teeth.
When hurt, damage is shared between your health and your magic reserves.
Your bite disrupts and absorbs the magic of your enemies.
Potions cannot restore your health.
You are immune to rotting.


Message History

You feel invigorated.
The worm is severely wounded.
The bat hits you but does no damage.
You hit the worm.
The worm is severely wounded.
The bat barely misses you. The worm bites you.
You are too injured to fight recklessly!
You are too injured to fight recklessly!
You are too injured to fight recklessly!
You hit the worm. You bite the worm, but do no damage.
The worm is severely wounded.
The bat hits you.
You hit the worm but do no damage.
The worm is severely wounded.
The bat hits you but does no damage. The worm bites you!
* * * LOW HITPOINT WARNING * * *
You hit the worm.
The worm is severely wounded.
The bat hits you.
You die...

#........##....# #....
#........##....####.....
#........##....#......?.
#........##....#........
#........##....#.....##
...............'......#
##########.....#......#
# #.........##b.....## #
#.........##@w...... ##
#.........##)....... .#
#.........##........ .#
.......############.. .#
....... . .##.......
....... .#.##.. .#.#
####


You could see a worm and a bat.

Vanquished Creatures
  A leopard gecko (D:2)
  A ball python (D:1)
  4 goblins
  A hobgoblin (D:1)
  3 jackals (D:2)
  4 bats
  4 frilled lizards (D:1)
  3 kobolds (D:1)
  6 rats
27 creatures vanquished.

Notes
Turn   | Place    | Note
-------+----------+-------------------------------------------
     0 | D:1      | TheGoonsmith the Vine Stalker Enchanter began the quest for the Orb.
     0 | D:1      | Reached XP level 1. HP: 9/9 MP: 4/4
     9 | D:1      | Reached skill level 1 in Short Blades
   202 | D:1      | Reached XP level 2. HP: 13/13 MP: 6/6
   283 | D:1      | Learned a level 2 spell: Ensorcelled Hibernation
   870 | D:2      | Reached XP level 3. HP: 15/16 MP: 7/7
   875 | D:2      | Learned a level 3 spell: Confuse
   934 | D:2      | Slain by a bat

Vault maps used:
D:1:      erik_arrival_blinker_ship, minmay_heptomino_d4
D:2:      fiery_altar_vehumet, small_statue_intersection

Skill      XL: |  1  2 |
---------------+-------+-----
Short Blades   | 1 2 |  2.5
Dodging        | |  1.7
Stealth        | |  3.6
Spellcasting   | |  2.1
Hexes          | |  3.0

Action                   || total
-------------------------++-------
Melee: Dagger            ||    73
       Bite              ||     9
 Stab: Sleeping          ||     8
Armor: Robe              ||    11
Dodge: Dodged            ||    36
